 Dungeon Crawl Stone Soup version 0.30-b1-5-g8e6c1be481 (webtiles) character file.

Game seed: 11777624756849041707

2601 Silvore the Carver (level 9, 0/79 HPs)
             Began as a Minotaur Fighter on May 3, 2023.
             Was a Follower of Okawaru.
             Slain by Erica
             ... wielding a +2 scimitar of flaming
              (1 damage)
             ... on level 8 of the Dungeon.
             The game lasted 00:10:46 (6542 turns).

Silvore the Carver (Minotaur Fighter)               Turns: 6542, Time: 00:10:46

Health: 0/79       AC:  9    Str: 23    XL:     9   Next: 33%
Magic:  8/8        EV: 11    Int:  5    God:    Okawaru [*.....]
Gold:   527        SH:  5    Dex: 12    Spells: 8/8 levels left

rFire   + . .        a - +0 long sword (protect)
rCold   x . .        c - +0 buckler
rNeg    . . .        b - +0 scale mail
rPois   .            (helmet restricted)
rElec   .            (no cloak)
rCorr   .            u - +0 pair of gloves
SInv    .            (no boots)
Will    .....        (no amulet) Stlth
                     e - ring of fire
HPRegen 0.33/turn    f - ring of flight
MPRegen 0.11/turn

%: no passive effects
@: about to teleport, flying
A: horns 2, retaliatory headbutt
a: Renounce Religion, Heroism


You were on level 8 of the Dungeon.
You worshipped Okawaru.
Okawaru was aware of your devotion.
You visited 1 branch of the dungeon, and saw 9 of its levels.

You collected 527 gold pieces.

Inventory:

Hand Weapons
 a - a +0 long sword of protection (weapon)
Armour
 b - a +0 scale mail (worn)
 c - a +0 buckler (worn)
 u - a +0 pair of gloves (worn)
Jewellery
 e - a ring of fire (left hand)
 f - a ring of flight (right hand)
 h - a ring of magical power
 n - a ring of wizardry
 w - a +6 ring of intelligence
Wands
 s - a wand of iceblast (7)
 t - a wand of paralysis (4)
Scrolls
 i - 5 scrolls of vulnerability
 v - a scroll of amnesia
 y - a scroll of poison {unknown}
 z - a scroll of identify
Potions
 d - a potion of might
 j - 2 potions of degeneration
 k - a potion of brilliance
 l - a potion of lignification
 m - a potion of attraction
 p - a potion of resistance
 q - 2 potions of invisibility
 r - a potion of berserk rage
 x - a potion of haste


   Skills:
 + Level 7.0 Fighting
 + Level 10.3 Long Blades
 + Level 7.7 Armour
 + Level 4.1 Dodging
 + Level 1.3 Stealth
 + Level 5.9 Shields


You had 8 spell levels left.
You didn't know any spells.
Your spell library contained the following spells:

 Spells                   Type           Power      Damage    Failure   Level
 Foxfire                  Conj/Fire      0%         2x1d4     82%         1
 Ensorcelled Hibernation  Hex/Ice        0%         N/A       91%         2
 Passwall                 Tmut/Erth      0%         N/A       91%         2
 Poisonous Vapours        Pois/Air       0%         N/A       91%         2
 Mephitic Cloud           Conj/Pois/Air  0%         N/A       99%         3
 Swiftness                Air            0%         N/A       99%         3
 Fireball                 Conj/Fire      0%         3d3       100%        5
 Freezing Cloud           Conj/Ice/Air   0%         6-21      100%        5
 Plasma Beam              Fire/Air       0%         2x1d11    100%        6
 Starburst                Conj/Fire      0%         6d3       100%        6


Dungeon Overview and Level Annotations

Branches:
Dungeon (9/15)             Temple (0/1) D:7
   Lair: D:8-11         Orc: D:9-12

Altars:
Gozag
Makhleb
Okawaru
Qazlal
Ru
The Shining One

Annotations:
D:8 Erica, Pikel


Innate Abilities, Weirdness & Mutations

You have a pair of horns on your head.
You reflexively headbutt those who attack you in melee.


Message History

You barely miss something.
You hear some strange, mumbled words.
A bolt of poison appears from out of thin air!
The bolt of poison misses you.
You barely miss something. Something hits you.
You miss something. Your headbutt misses something. Something hits you.
You slash something!
Your weapon exudes an aura of protection.
Your headbutt misses something.
You hear some strange, mumbled words.
You are confused.
You bump into the rock wall.
Something hits you.
You bump into the rock wall.
You hear some strange, mumbled words.
A bolt of poison appears from out of thin air!
The bolt of poison hits you!
You are poisoned.
You bump into the rock wall.
You feel very sick. Something hits you.
* * * LOW HITPOINT WARNING * * *
You feel better. Something hits you!
* * * LOW HITPOINT WARNING * * *
You hit something.
Your weapon exudes an aura of protection.
Something hits you.
* * * LOW HITPOINT WARNING * * *
Something burns you.
* * * LOW HITPOINT WARNING * * *
As you read the scroll of teleportation, it crumbles to dust.
You feel strangely unstable.
You hear some strange, mumbled words.
Something tries to affect you, but you resist.
Unknown command.
Something hits you but does no damage. Something hits you but does no damage.
Something hits you!
* * * LOW HITPOINT WARNING * * *
Something burns you.
You die...

#.#
### .
####.#
.#
#....#
.#
#.####
#.#
#.#
#.#
#.#
#@#
#{#
#.#
#.#
#.#
#.#
#$#
#.#
#..


There were no monsters in sight!

Vanquished Creatures
  2 wyverns
  A sky beast (D:6)
  An ogre (D:6)
  A centaur (D:7)
  A phantom (D:5)
  5 scorpions
  3 bullfrogs
  4 wights (D:7)
  5 killer bees (D:7)
  3 howler monkeys (D:7)
  9 hounds
  5 orc priests
  3 jellies
  4 iguanas
  5 orc wizards
  2 gnolls
  8 adders
  4 white imps
  An ufetubus (D:4)
  3 worms
  2 dart slugs
  27 orcs
  5 endoplasms
  8 giant cockroaches
  8 goblins
  10 hobgoblins
  A jackal (D:3)
  2 quokkas
  9 ball pythons
  8 bats
  2 frilled lizards
  10 kobolds
  5 rats
167 creatures vanquished.

Notes
Turn   | Place    | Note
-------+----------+-------------------------------------------
     0 | D:1      | Silvore the Minotaur Fighter began the quest for the Orb.
     0 | D:1      | Reached XP level 1. HP: 19/19 MP: 0/0
   219 | D:1      | Reached XP level 2. HP: 27/27 MP: 1/1
   457 | D:1      | Reached skill level 3 in Long Blades
   457 | D:1      | Reached XP level 3. HP: 15/33 MP: 2/2
  1194 | D:2      | Reached XP level 4. HP: 40/40 MP: 3/3
  1625 | D:3      | Reached skill level 4 in Long Blades
  1840 | D:3      | Reached skill level 1 in Dodging
  1840 | D:3      | Reached XP level 5. HP: 10/46 MP: 4/4
  2030 | D:3      | Reached skill level 5 in Long Blades
  2628 | D:4      | Reached XP level 6. HP: 53/53 MP: 5/5
  2748 | D:4      | Reached skill level 5 in Armour
  2950 | D:4      | Reached skill level 6 in Long Blades
  2971 | D:4      | Found a glowing golden altar of the Shining One.
  3103 | D:4      | Found a burning altar of Makhleb.
  3270 | D:5      | Entered Level 5 of the Dungeon
  3321 | D:5      | Reached XP level 7. HP: 53/60 MP: 6/6
  3420 | D:5      | Reached skill level 5 in Shields
  3428 | D:5      | Reached skill level 7 in Long Blades
  3802 | D:5      | Reached skill level 5 in Fighting
  3887 | D:5      | Found an opulent altar of Gozag.
  3888 | D:5      | Found a stormy altar of Qazlal.
  4014 | D:5      | Found an iron altar of Okawaru.
  4236 | D:6      | Found a sacrificial altar of Ru.
  4378 | D:6      | Reached XP level 8. HP: 68/68 MP: 7/7
  4401 | D:6      | Reached skill level 8 in Long Blades
  4712 | D:5      | Became a worshipper of Warmaster Okawaru
  5104 | D:6      | Reached skill level 9 in Long Blades
  5266 | D:7      | Reached skill level 1 in Stealth
  5386 | D:7      | Reached * piety under Okawaru
  5529 | D:7      | Found a staircase to the Ecumenical Temple.
  5556 | D:7      | Reached XP level 9. HP: 40/78 MP: 8/8
  6188 | D:7      | Reached skill level 10 in Long Blades
  6358 | D:7      | You are sucked into a shaft and drop 2 floors!
  6484 | D:8      | Noticed Pikel
  6513 | D:8      | Noticed Erica
  6542 | D:8      | HP: 1/79 [something (7)]
  6542 | D:8      | Slain by Erica

Illustrated notes

Levels and vault maps discovered:
D:1:      dpeg_arrival_lava_temple_mockup, layout_basic
D:2:      layout_loops_ring, minmay_tree_intersection, grunt_ministairs_15,
          minmay_pentomino_x2
D:3:      minmay_thinvault, layout_rooms
D:4:      layout_rooms, marbit_many_paths, tso_metal_star
D:5:      layout_loops_ring, nicolae_overflow_hidden_temple
D:6:      layout_loops_cross, kennysheep_mini_moat
D:7:      layout_basic, temple_green
D:8:      layout_loops_ring, nicolae_overflow_crystal_walls,
          hangedman_decor_lopped, uniq_erica, uniq_grum, uniq_pikel
D:9:      layout_grid_maze

Skill      XL: |  1  2  3  4  5  6  7  8  9 |
---------------+----------------------------+-----
Shields        | 4 5 |  5.9
Fighting       | 4 5 6 7 |  7.0
Long Blades    | 3 4 5 6 7 9 10 | 10.3
Armour         | 4 5 6 7 |  7.7
Dodging        | 1 2 3 4 |  4.1
Stealth        | 1 |  1.3

Action                     |  1- 3 |  4- 6 |  7- 9 || total
---------------------------+-------+-------+-------++-------
  Melee: Long sword        |   102 |   116 |   273 ||   491
         Headbutt          |     9 |    18 |    49 ||    76
    Use: Scroll            |     3 |     8 |    10 ||    21
         Potion            |       |     3 |     3 ||     6
   Stab: Distracted        |       |     1 |       ||     1
 Armour: Scale mail        |    46 |    54 |   115 ||   215
  Dodge: Dodged            |    45 |    69 |   115 ||   229
  Block: Buckler           |    30 |    26 |    58 ||   114
